AoeStats
← Sparten gio

Coastal Forest

503278315Analyzed
2v2 RM · 1mo ago on Aug 30, 2026· 42m 25s· 4 players
Game mode
Random Map
Map size
Medium (4 player)
Population
200
Speed
Normal
Resources
Standard
Victory
Conquest
Starting age
Dark Age
Ending age
Imperial Age
RankedLock teamsTeams togetherTeam positionsShared explorationLock speedFull tech treeHidden civsTurbo modeCheats
Victory
Defeat
🇦🇷 Malay · Argentina
947
+13
🇦🇷 Persians · Argentina
925
+14
🇺🇸 Tatars · United States
888
-14
🇺🇸 Georgians · United States
855
-12
cjmm76
0:33 Loom
11:40 Feudal Age
17:57 Castle Age
16:08 Double-Bit Axe
16:32 Horse Collar
18:33 Wheelbarrow
17:46 Town Watch
27:17 Bow Saw
27:02 Elite Skirmisher
28:36 Hand Cart
28:34 Gold Mining
29:32 Pikeman
Sparten gio
11:50 Feudal Age
12:58 Loom
18:09 Castle Age
19:09 Fletching
22:28 Bodkin Arrow
23:20 Double-Bit Axe
27:09 Bow Saw
26:46 Horse Collar
29:03 Treadmill Crane
29:31 Town Watch
31:33 Husbandry
32:35 Bloodlines
32:47 Forging
32:43 Scale Barding Armor
36:04 Chain Barding Armor
36:50 Iron Casting
Lala.dev
1:13 Loom
10:10 Feudal Age
10:19 Man-at-Arms
20:49 Castle Age
20:30 Crossbowman
21:46 Double-Bit Axe
23:48 Fletching
28:45 Ballistics
28:57 Horse Collar
29:10 Gold Mining
30:15 Thumb Ring
32:26 Wheelbarrow
34:34 Town Watch
39:04 Imperial Age
37:48 Bow Saw
37:47 Heavy Plow
38:43 Arbalester
Downk
1:24 Loom
10:56 Feudal Age
12:00 Double-Bit Axe
17:43 Fishing Lines
18:28 Bloodlines
23:42 Castle Age
22:49 Forging
22:45 Scale Barding Armor
22:59 Horse Collar
23:34 Light Cavalry
24:16 Husbandry
29:31 Chain Barding Armor
29:46 Iron Casting
34:37 Gold Mining
34:38 Stone Mining
35:05 Bow Saw
37:28 Gillnets
42:59 Imperial Age
41:45 Pikeman
Connection lost

Rejoining the realm…

Still unreachable

The connection could not be restored.

Session expired

The server has moved on; the page needs a fresh start.